AoeStats
← zamithdaniel

Arena

507367160Analyzed
4v4 RM · 16d ago on Sep 17, 2026· 47m 59s· 8 players
Game mode
Random Map
Map size
Large (8 player)
Population
200
Speed
Normal
Resources
Standard
Victory
Conquest
Starting age
Dark Age
Ending age
Imperial Age
RankedLock teamsTeams togetherTeam positionsShared explorationLock speedFull tech treeHidden civsTurbo modeCheats
Victory
Defeat
🇧🇷 Sicilians · Brazil
1063
+13
🇹🇼 Huns · Taiwan
1060
+14
🇦🇷 Chinese · Argentina
1059
+14
🇧🇷 Burmese · Brazil
1049
+14
🇦🇹 Portuguese · Austria
1019
-14
🇹🇷 Huns · Türkiye
1010
-14
🇨🇴 Celts · Colombia
1004
-14
🇹🇷 Britons · Türkiye
989
-13
zamithdaniel
10:41 Feudal Age
11:24 Horse Collar
11:32 Double-Bit Axe
18:13 Castle Age
16:38 Stone Mining
19:33 Gold Mining
20:34 Scale Mail Armor
20:45 Forging
26:52 Chain Mail Armor
28:31 Iron Casting
35:12 Imperial Age
33:36 Heavy Plow
39:08 Blast Furnace
39:23 Plate Mail Armor
39:52 Elite Woad Raider
44:00 Stone Shaft Mining
44:42 Arson
nerowichi
12:23 Feudal Age
12:49 Double-Bit Axe
12:46 Horse Collar
14:04 Gold Mining
19:38 Castle Age
18:37 Fletching
18:48 Padded Archer Armor
20:43 Thumb Ring
23:27 Wheelbarrow
23:35 Bodkin Arrow
23:47 Heavy Plow
25:09 Ballistics
25:48 Stone Mining
27:54 Gold Shaft Mining
30:42 Hand Cart
30:44 Bow Saw
31:55 Caravan
33:09 Bloodlines
33:36 Leather Archer Armor
36:13 Scale Barding Armor
39:56 Imperial Age
HeartNett
0:49 Loom
10:38 Feudal Age
15:02 Man-at-Arms
17:58 Castle Age
34:58 Murder Holes
dissdisshit
10:08 Feudal Age
11:03 Double-Bit Axe
14:05 Town Watch
14:16 Gold Mining
16:39 Castle Age
15:08 Stone Mining
17:35 Bow Saw
19:02 Loom
21:03 Wheelbarrow
22:08 Hand Cart
22:32 Stone Shaft Mining
22:05 Horse Collar
22:37 Bow Saw
23:58 Fletching
24:49 Bodkin Arrow
29:32 Imperial Age
28:38 Circumnavigation
31:27 Conscription
31:13 Heavy Plow
31:54 Treadmill Crane
32:25 Masonry
33:17 Town Patrol
33:52 Bracer
35:40 Careening
36:01 Architecture
35:30 Murder Holes
37:11 Two-Man Saw
35:49 Pikeman
38:14 Forging
38:04 Scale Mail Armor
37:46 Halberdier
41:24 Iron Casting
42:27 Chain Mail Armor
45:17 Blast Furnace
Quemero
0:28 Loom
11:32 Feudal Age
14:00 Scale Mail Armor
24:58 Castle Age
24:23 Double-Bit Axe
24:54 Horse Collar
28:44 Bow Saw
29:11 Wheelbarrow
37:27 Heavy Plow
40:44 Imperial Age
39:12 Hand Cart
39:34 Gold Mining
41:00 Stone Mining
41:47 Gold Shaft Mining
42:11 Crop Rotation
42:23 Stone Shaft Mining
44:17 First Crusade
44:54 Chain Mail Armor
44:50 Forging
44:18 Elite Skirmisher
44:50 Fletching
45:33 Padded Archer Armor
46:52 Bodkin Arrow
47:46 Conscription
48:33 Hoardings
48:31 Bracer
49:02 Plate Mail Armor
Jcn_x
5:39 Loom
11:47 Feudal Age
16:13 Castle Age
14:08 Horse Collar
15:21 Stone Mining
18:46 Fervor
21:27 Husbandry
22:41 Bloodlines
23:05 Scale Barding Armor
29:32 Heavy Plow
31:17 Wheelbarrow
37:48 Imperial Age
37:21 Arson
37:36 Squires
38:01 Chain Barding Armor
37:52 Forging
37:32 Fletching
38:00 Manipur Cavalry
38:09 Padded Archer Armor
37:35 Light Cavalry
39:06 Conscription
38:09 Elite Arambai
40:11 Gold Mining
41:14 Plate Barding Armor
40:36 Bodkin Arrow
41:17 Hand Cart
40:51 Town Watch
41:47 Crop Rotation
44:25 Chemistry
43:46 Ballistics
43:39 Fortified Wall
44:11 Bracer
45:29 Treadmill Crane
46:00 Masonry
小汽車
10:46 Feudal Age
14:56 Castle Age
13:12 Double-Bit Axe
13:09 Horse Collar
17:46 Bow Saw
17:59 Heavy Plow
28:41 Imperial Age
26:14 Loom
26:38 Gold Mining
27:21 Marauders
27:24 Husbandry
27:37 Bloodlines
28:22 Wheelbarrow
27:36 Town Watch
28:31 Gold Shaft Mining
29:10 Scale Barding Armor
29:16 Forging
29:34 Hand Cart
29:57 Conscription
30:45 Two-Man Saw
30:56 Chain Barding Armor
31:26 Elite Tarkan
32:44 Plate Barding Armor
32:47 Iron Casting
34:28 Blast Furnace
33:44 Light Cavalry
34:55 Hussar
PushySpoon29648
9:36 Feudal Age
16:48 Castle Age
18:03 Double-Bit Axe
18:02 Horse Collar
43:26 Ballistics
42:58 Fletching
43:09 Padded Archer Armor
43:16 Thumb Ring
42:32 Crossbowman
45:15 Wheelbarrow
46:28 Gold Mining
46:29 Stone Mining
46:54 Bow Saw
47:25 Hand Cart
48:14 Bodkin Arrow
48:34 Leather Archer Armor
Connection lost

Rejoining the realm…

Still unreachable

The connection could not be restored.

Session expired

The server has moved on; the page needs a fresh start.